 Dungeon Crawl Stone Soup version 0.31-a0-986-g5e6e4ef867 (webtiles) character file.

Game seed: 12766611643137940784

2014 horus123 the Destroyer (level 9, 0/45 HPs)
             Began as a Deep Elf Conjurer on Nov 21, 2023.
             Was a Follower of Vehumet.
             Slain by a yak (9 damage)
             ... on level 6 of the Dungeon.
             The game lasted 00:12:25 (6298 turns).

horus123 the Destroyer (Deep Elf Conjurer)          Turns: 6298, Time: 00:12:25

Health: 0/45       AC:  6    Str:  4    XL:     9   Next: 2%
Magic:  0/21       EV: 12    Int: 34    God:    Vehumet [*.....]
Gold:   324        SH:  0    Dex: 13    Spells: 6/22 levels left

rFire   . . .        e - +0 short sword
rCold   . . .        (no shield)
rNeg    . . .        a - +0 robe
rPois   .            b - +1 helmet
rElec   .            v - +0 cloak
rCorr   .            (no gloves)
SInv    .            A - +0 pair of boots
Will    +....        (no amulet)
Stlth   ++           l - +6 ring of intelligence
HPRegen 0.27/turn    k - ring of willpower
MPRegen 0.17/turn

%: no passive effects
@: no status effects
A: no striking features
a: Renounce Religion


You were on level 6 of the Dungeon.
You worshipped Vehumet.
Vehumet was aware of your devotion.
You visited 1 branch of the dungeon, and saw 6 of its levels.

You collected 324 gold pieces.

Inventory:

Hand Weapons
 e - a +0 short sword (weapon)
Missiles
 q - 6 curare-tipped darts
 t - 11 poisoned darts
Armour
 a - a +0 robe (worn)
 b - a +1 helmet (worn)
 v - a +0 cloak (worn)
 y - an orb of energy
 A - a +0 pair of boots (worn)
Jewellery
 i - a ring of flight
 j - a ring of ice
 k - a ring of willpower (right hand)
 l - a +6 ring of intelligence (left hand)
 w - a ring of magical power
 z - a ring of positive energy
Wands
 s - a wand of light (6)
Scrolls
 c - a scroll of revelation
 d - 3 scrolls of immolation
 g - a scroll of vulnerability
 h - 2 scrolls of noise
 m - 2 scrolls of enchant armour
 n - 3 scrolls of summoning
 o - a scroll of torment {unknown}
 r - 3 scrolls of teleportation {unknown}
 u - 2 scrolls of fear
 C - a scroll of fog {unknown}
 D - a scroll of identify
Potions
 f - a potion of enlightenment {unknown}
 p - 2 potions of brilliance {unknown}
 x - a potion of degeneration {unknown}
 B - a potion of resistance {unknown}


   Skills:
 - Level 2.4 Dodging
 - Level 2.4 Stealth
 - Level 7.0 Spellcasting
 + Level 9.0 Conjurations
 - Level 6.0 Hexes
 - Level 7.0 Translocations


You had 6 spell levels left.
You knew the following spells:

 Your Spells              Type           Power      Damage    Failure   Level
a - Magic Dart            Conj           100%       1d8       1%          1
b - Searing Ray           Conj           100%       2d8       1%          2
c - Dazzling Flash        Conj/Hex       100%       N/A       1%          3
d - Fulminant Prism       Conj/Hex       29%        3d14      1%          4
e - Iskenderun's Mystic   Conj/Tloc      61%        2d13      1%          4
f - Blink                 Tloc           100%       N/A       1%          2

Your spell library contained the following spells:

 Spells                   Type           Power      Damage    Failure   Level
 Shock                    Conj/Air       100%       1d9       1%          1
 Ensorcelled Hibernation  Hex/Ice        64%        N/A       1%          2
 Lesser Beckoning         Tloc           100%       N/A       1%          2
 Momentum Strike          Conj/Tloc      100%       3d10      1%          2
 Necrotise                Necr           44%        1d6       3%          1
 Passwall                 Tmut/Erth      9%         N/A       5%          2
 Swiftness                Air            11%        N/A       11%         3
 Agony                    Necr           11%        N/A       69%         5
 Simulacrum               Ice/Necr       5%         N/A       99%         6


Dungeon Overview and Level Annotations

Branches:
Dungeon (6/15)
 Temple: D:4-7

Altars:
Ashenzari
Cheibriados
Fedhas
Hepliaklqana
Kikubaaqudgha
Makhleb
Nemelex Xobeh
Vehumet
Xom
Yredelemnul
Zin
The Shining One

Shops:
D:4 [


Message History

The yak is knocked back by the mystic blast.
The yak collides with the yak!
The yak is severely wounded.
The yak is heavily wounded.
Casting: Iskenderun's Mystic Blast (dangerous; 1% risk of failure)
Confirm with . or Enter, or press ? or * to list all spells.
Aiming: Searing Ray (safe; 1% risk of failure)
Press: ? - help, Shift-Dir - straight line, f - yak
Aim: a yak (heavily wounded, 90% to hit)
The searing ray hits the yak.
The yak is severely wounded.
The searing ray misses the yak. (Press . to maintain the ray.)
The searing ray hits the yak.
The yak is almost dead.
The searing ray hits the yak.
The yak is almost dead.
The searing ray hits the yak.
The yak is almost dead.
The searing ray hits the yak!
You kill the yak!
Vehumet accepts your kill.
You can now gain magical power from killing.
Vehumet offers you knowledge of Shock. The yak gores you.
Your Conjurations skill increases to level 9!
You have reached level 9!
Your experience leads to an increase in your attributes!
Your base attributes are Str 4, Int 26, Dex 13.
Increase (S)trength, (I)ntelligence, or (D)exterity?
You feel clever. x2
Without enough magic to sustain it, your searing ray dissipates.
The yak closely misses you.
You barely miss the yak.
The yak is almost dead.
The yak gores you.
* * * LOW HITPOINT WARNING * * *
Okay, then.
The yak gores you!
You die...

##########
#........##########
#..................
###..######.#########
#########.........#.#........
..........##@####.#.#.####.##
.........###Y# #.# #.#.
.........# #†# #.# #.#.
.........# #†# ... #.#.
###+###.####.#############.##
#..###.#....................
+........#........######...#
#........+........# #...#
#........#........# #...#


You could see a yak.

Vanquished Creatures
  Jeremiah (D:6)
  2 yaks (D:6)
  Menkaure (D:5)
  An orc warrior (D:6)
  4 ogres
  A centaur (D:6)
  A scorpion (D:5)
  A howler monkey (D:4)
  A hound (D:5)
  A jelly (D:5)
  5 orc priests
  A sleepcap (D:6)
  2 iguanas (D:5)
  2 orc wizards
  Natasha (thrice) (D:2)
  A gnoll bouda (D:6)
  7 gnolls
  9 adders
  2 ufetubi (D:4)
  A worm (D:2)
  3 dart slugs
  11 orcs
  7 bats
  10 endoplasms
  A giant cockroach (D:1)
  8 goblins
  6 hobgoblins
  3 quokkas
  4 ball pythons
  5 frilled lizards
  8 kobolds
  9 rats
122 creatures vanquished.

Vanquished Creatures (others)
  5 fulminant prisms (D:6)
5 creatures vanquished.

Grand Total: 127 creatures vanquished

Notes
Turn   | Place    | Note
-------+----------+-------------------------------------------
     0 | D:1      | horus123 the Deep Elf Conjurer began the quest for the Orb.
     0 | D:1      | Reached XP level 1. HP: 10/10 MP: 6/6
   174 | D:1      | Reached XP level 2. HP: 15/15 MP: 7/9
   243 | D:1      | Learned a level 2 spell: Searing Ray
   927 | D:1      | Reached XP level 3. HP: 19/19 MP: 9/11
   951 | D:1      | Learned a level 3 spell: Dazzling Flash
   977 | D:2      | Identified the "Pakatz"
   977 | D:2      | Found a basalt altar of Yredelemnul.
   981 | D:2      | Reached skill level 5 in Spellcasting
  1044 | D:2      | Noticed Natasha
  1048 | D:2      | Killed Natasha
  1049 | D:2      | Reached skill level 5 in Conjurations
  1135 | D:2      | Noticed Natasha
  1214 | D:2      | Killed Natasha
  1215 | D:2      | Reached XP level 4. HP: 24/24 MP: 5/13
  1297 | D:2      | Found a faded altar of an unknown god.
  1310 | D:2      | Reached skill level 6 in Conjurations
  1312 | D:2      | Reached skill level 1 in Hexes
  1312 | D:2      | Reached XP level 5. HP: 28/28 MP: 2/14
  1447 | D:2      | Noticed Natasha
  1450 | D:2      | Killed Natasha
  1522 | D:2      | Learned a level 4 spell: Fulminant Prism
  1527 | D:2      | Learned a level 4 spell: Iskenderun's Mystic Blast
  2434 | D:3      | Reached XP level 6. HP: 13/32 MP: 6/15
  2439 | D:3      | Reached skill level 5 in Hexes
  3190 | D:4      | Found a glowing golden altar of the Shining One.
  3193 | D:4      | Found a burning altar of Makhleb.
  3201 | D:4      | Found a shimmering altar of Xom.
  3205 | D:4      | Found a snail-covered altar of Cheibriados.
  3207 | D:4      | Found a basalt altar of Yredelemnul.
  3209 | D:4      | Found a glowing silver altar of Zin.
  3210 | D:4      | Found a radiant altar of Vehumet.
  3211 | D:4      | Found a sparkling altar of Nemelex Xobeh.
  3214 | D:4      | Found a blossoming altar of Fedhas.
  3217 | D:4      | Found a hazy altar of Hepliaklqana.
  3218 | D:4      | Became a worshipper of Vehumet
  3220 | D:4      | Found an ancient bone altar of Kikubaaqudgha.
  3425 | D:4      | Found Imuit's Armour Shop.
  3481 | D:4      | Reached XP level 7. HP: 36/36 MP: 8/16
  3802 | D:4      | Reached skill level 7 in Conjurations
  4699 | D:5      | Entered Level 5 of the Dungeon
  4720 | D:4      | Reached skill level 8 in Conjurations
  5107 | D:5      | Found a broken altar of Ashenzari.
  5335 | D:5      | Noticed Menkaure
  5345 | D:5      | Killed Menkaure
  5346 | D:5      | Reached XP level 8. HP: 41/41 MP: 4/17
  5525 | D:6      | Reached skill level 5 in Translocations
  5528 | D:6      | Noticed Jeremiah
  5663 | D:6      | Killed Jeremiah
  6126 | D:6      | Learned a level 2 spell: Blink
  6295 | D:6      | Reached * piety under Vehumet
  6295 | D:6      | Offered knowledge of Shock by Vehumet.
  6296 | D:6      | Reached skill level 9 in Conjurations
  6296 | D:6      | Reached XP level 9. HP: 14/45 MP: 0/21
  6298 | D:6      | Slain by a yak

Illustrated notes

Levels and vault maps discovered:
D:1:      minmay_arrival_stone_box, layout_basic
D:2:      layout_loops_ring, ebering_ecumenical_altar_sacrificial, basic_altar,
          uniq_natasha
D:3:      layout_rooms, patterned_corridor
D:4:      layout_layer_cave, nicolae_overflow_hallway_of_the_gods, serial_shops,
          shop
D:5:      layout_cave_pools, nicolae_ashenzari_panopticon, serial_column_ruins,
          column_ruins_columns_straight, column_ruins_columns_straight,
          column_ruins_open_tiny, column_ruins_columns_straight, uniq_menkaure
D:6:      layout_gridville, minmay_temple_entry_tees, roderic_lattice_a,
          uniq_jeremiah

Skill      XL: |  1  2  3  4  5  6  7  8 |
---------------+-------------------------+-----
Spellcasting   | 4 5 7 |  7.0
Conjurations   | 5 6 8 9 |  9.0
Hexes          | 1 4 6 |  6.0
Translocations | 4 7 |  7.0
Dodging        | |  2.4
Stealth        | |  2.4

Action                     |  1- 3 |  4- 6 |  7- 9 || total
---------------------------+-------+-------+-------++-------
  Melee: Short sword       |     8 |     4 |     2 ||    14
   Cast: Magic Dart        |    63 |    95 |    44 ||   202
         Searing Ray       |     2 |    10 |    21 ||    33
         Iskenderun's Myst |       |       |     3 ||     3
         Dazzling Flash    |       |       |     1 ||     1
         Fulminant Prism   |       |       |     5 ||     5
    Use: Scroll            |       |       |     7 ||     7
         Potion            |       |       |     1 ||     1
   Stab: Sleeping          |       |       |     1 ||     1
 Armour: Robe              |     4 |     8 |    23 ||    35
  Dodge: Dodged            |     6 |     3 |    15 ||    24

Table legend: (Time is in decaauts)
 A = Elapsed time spent in this place.
 B = Non-inter-level travel time spent in this place.
 C = Inter-level travel time spent in this place.
 D = Time resting spent in this place.
 E = Time spent auto-exploring this place.
 F = Levels seen in this place.
 G = Mean time per level.
                   A        B        C        D        E       F      G
               +--------+--------+--------+--------+--------+-----+--------+
         Total |   6298 |   6156 |    142 |    813 |   4610 |   6 | 1049.7 |
       Dungeon |   6298 |   6156 |    142 |    813 |   4610 |   6 | 1049.7 |
               +--------+--------+--------+--------+--------+-----+--------+

Top non-repeatable levels by time:
     D:4: 1792 daAuts
     D:2: 1093 daAuts
     D:1: 975 daAuts
     D:3: 972 daAuts
     D:5: 822 daAuts
     D:6: 641 daAuts
